cohdb
Replays
Latest Replays
All Replays
Popular Replays
Top Player Replays
Match Explorer
How It Works
Community
CoH3 Stats
Reddit
Sign in to upload your games and track your stats! →
Sign in with Steam
Match 45297015
Unlisted
Match 45297015
Overview
Messages
Build Orders
End
Construct Infanterie Kompanie
Kettenkrad Recon Vehicle
MG 42 Machine Gun Team
Grenadier Squad
GrW 34 Mortar Team
Medical Bunker
Construct Luftwaffe Kompanie
221 Scout Car
221 Scout Car
Jäger Squad
Support Elements
Marder III M Tank Destroyer
Selects Mechanized Battlegroup
Selects Mobile Repair Stations
Flak 30 Anti-aircraft Gun Team
Selects Wespe Self-propelled Artillery
Jäger Squad
Wespe Self-propelled Artillery
Luftwaffe Officer Quarters
Selects Raid Package
Jäger Squad
Jäger Squad
N30N
SAMIE T
Easy Noodles
Toki Asuma
Brick_man
抖音二呆
고양이귀 에스텔
Six
0
0
Comments
sign in to comment!
No comments posted yet!